 Dungeon Crawl Stone Soup version 0.26.1-11-gd32895ea62 (webtiles) character file.

Game seed: 5987174241078963115

662 bnorton916 the Frost Mage (level 7, -10/46 HPs)
             Began as a Barachi Ice Elementalist on June 9, 2021.
             Mangled by an unseen horror (11 damage)
             ... on level 6 of the Dungeon.
             The game lasted 00:09:12 (5552 turns).

bnorton916 the Frost Mage (BaIE)                    Turns: 5552, Time: 00:09:12

Health: -10/46     AC:  5    Str:  7 (10) XL:     7   Next: 56%
Magic:  11/14      EV: 12    Int: 15 (17) God:
Gold:   340        SH:  0    Dex:  9 (10) Spells: 1/16 levels left

rFire    . . .     SeeInvis .   s - +2 dagger (freeze)
rCold    . . .     Faith    .   (no shield)
rNeg     + + .     Spirit   .   j - +2 robe {Will+}
rPois    +         Reflect  .   (no helmet)
rElec    .         Harm     .   (no cloak)
rCorr    +         Rampage  .   r - +0 pair of gloves
Will     +....                  (no boots)
Stlth    ++........             (no amulet)
HPRegen  0.15/turn              o - ring of flight
MPRegen  0.14/turn              h - ring "Ewkebake" {rPois rN++ rCorr Dex-2}

@: frozen ramparts, flying, slow
A: +LOS, swims, slowness 1, strong legs 1
a: Hop


You were on level 6 of the Dungeon.
You visited 1 branch of the dungeon, and saw 6 of its levels.

You collected 340 gold pieces.

Inventory:

Hand Weapons
 s - a +2 dagger of freezing (weapon)
Missiles
 E - 8 javelins
Armour
 j - a +2 robe of willpower (worn)
 r - a +0 pair of gloves (worn)
 t - a +0 kite shield
 u - a +1 scale mail of poison resistance
 C - a +2 ring mail of cold resistance
Jewellery
 h - the ring "Ewkebake" (right hand) {rPois rN++ rCorr Dex-2}
   (You found it on level 5 of the Dungeon)

   [ring of resist corrosion]

   It affects your dexterity (-2).
   It protects you from poison.
   It greatly protects you from negative energy.
   It provides partial protection from all sources of acid and corrosion.
 o - a ring of flight (left hand)
 x - an uncursed ring of positive energy
Wands
 i - a wand of random effects (14)
Scrolls
 c - 7 scrolls of remove curse
 e - 3 scrolls of identify {unknown}
 f - 3 scrolls of immolation
 p - a scroll of amnesia {unknown}
 q - a scroll of blinking {unknown}
 w - a scroll of fog {unknown}
 y - a scroll of fear {unknown}
 D - a scroll of enchant weapon {unknown}
 F - a scroll of silence {unknown}
Potions
 a - a potion of brilliance {unknown}
 b - a potion of invisibility
 d - a potion of degeneration
 g - a potion of flight
 k - a potion of ambrosia {unknown}
 l - a potion of magic {unknown}
 m - a potion of cancellation {unknown}
 n - 2 potions of curing {unknown}
 v - 2 potions of heal wounds {unknown}
 z - a potion of berserk rage {unknown}
 A - a potion of lignification {unknown}
 B - a potion of haste {unknown}
 G - a potion of attraction {unknown}


   Skills:
 - Level 2.1 Dodging
 - Level 1.7 Stealth
 - Level 5.0 Spellcasting
 + Level 3.7 Summonings
 + Level 8.3 Ice Magic


You had one spell level left.
You knew the following spells:

 Your Spells              Type           Power        Failure   Level
a - Freeze                Ice            100%         1%          1
b - Frozen Ramparts       Ice            56%          1%          3
c - Ozocubu's Armour      Ice            28%          1%          3
d - Hailstorm             Conj/Ice       16%          28%         4
e - Summon Ice Beast      Ice/Summ       21%          14%         4

Your spell library contained the following spells:

 Spells                   Type           Power        Failure   Level


Dungeon Overview and Level Annotations

Branches:
Dungeon (6/15)
 Temple: D:4-7

Altars:
Elyvilon
Makhleb
Qazlal


Innate Abilities, Weirdness & Mutations

You can be seen from farther away. (+LOS)
You can swim through water.
You cover ground slowly.
You can hop short distances.


Message History

You kill the worker ant!
The wall freezes something.
Something hits you but does no damage.
Your frozen ramparts will break if you move.
Continue?
Okay, then.
The wall freezes something.
Something hits you.
The wall freezes something.
Something hits you but does no damage.
The wall freezes something.
Something hits you!
* * * LOW HITPOINT WARNING * * *
It was a potion of degeneration.
There was something very wrong with that liquid.
You feel weakened.
You feel dopey.
You feel clumsy.
The wall freezes something.
Something hits you.
* * * LOW HITPOINT WARNING * * *
The wall freezes something.
Something hits you.
* * * LOW HITPOINT WARNING * * *
The wall freezes something.
Something hits you but does no damage.
It was a potion of flight.
You feel very buoyant.
You fly up into the air.
The wall freezes something.
Something hits you!
You die...

#.####...# ....
.#........###....
................$
#................
.................
#...............
#......<......?.
#.....{†........
....####@##..#...
.. #...# .# .
##.## .. #.. ##
... .... ....
...... ......


There were no monsters in sight!

Vanquished Creatures
  Sigmund (D:2)
  A sky beast (D:5)
  A centaur (D:5)
  A scorpion (D:5)
  A hound (D:3)
  A centaur skeleton (D:5)
  An orc wizard (D:3)
  A worker ant (D:6)
  6 adders
  An ooze (D:1)
  4 leopard geckos
  11 orcs
  A ball python (D:2)
  A giant cockroach (D:4)
  4 goblins (D:1)
  3 hobgoblins
  3 jackals (D:5)
  3 quokkas
  5 bats
  2 frilled lizards
  A jackal skeleton (D:4)
  6 kobolds
  2 quokka skeletons (D:5)
  7 rats
68 creatures vanquished.

Vanquished Creatures (collateral kills)
  An ice beast (D:5)
1 creature vanquished.

Grand Total: 69 creatures vanquished

Notes
Turn   | Place    | Note
-------+----------+-------------------------------------------
     0 | D:1      | bnorton916 the Barachi Ice Elementalist began the quest for
                  | the Orb.
     0 | D:1      | Reached XP level 1. HP: 13/13 MP: 3/3
    85 | D:1      | Reached skill level 5 in Ice Magic
   427 | D:1      | Reached XP level 2. HP: 19/19 MP: 2/5
  1339 | D:2      | Reached XP level 3. HP: 24/24 MP: 5/7
  1381 | D:1      | Learned a level 3 spell: Frozen Ramparts
  1385 | D:1      | Learned a level 3 spell: Ozocubu's Armour
  1388 | D:2      | Noticed Sigmund
  1658 | D:2      | Killed Sigmund
  1659 | D:2      | Reached skill level 6 in Ice Magic
  1659 | D:2      | Reached XP level 4. HP: 26/30 MP: 2/10
  1659 | D:2      | Reached XP level 5. HP: 31/35 MP: 2/11
  2510 | D:3      | Found a burning altar of Makhleb.
  2514 | D:3      | Reached skill level 7 in Ice Magic
  2514 | D:3      | Reached XP level 6. HP: 40/41 MP: 8/13
  2755 | D:3      | Learned a level 4 spell: Hailstorm
  3593 | D:4      | Reached skill level 5 in Spellcasting
  3949 | D:5      | Entered Level 5 of the Dungeon
  4105 | D:5      | Noticed an ice beast
  4120 | D:5      | Learned a level 4 spell: Summon Ice Beast
  4550 | D:5      | Got a clouded marble ring
  4556 | D:5      | Identified the ring "Ewkebake" {rPois rN++ rCorr Dex-2}
                  | (You found it on level 5 of the Dungeon)
  4574 | D:5      | Noticed an ice beast
  4616 | D:5      | Killed an ice beast
  4617 | D:5      | Reached skill level 1 in Summonings
  4691 | D:5      | Found a stormy altar of Qazlal.
  4691 | D:5      | Found a white marble altar of Elyvilon.
  4714 | D:5      | Reached XP level 7. HP: 12/46 MP: 9/14
  4991 | D:5      | Reached skill level 8 in Ice Magic
  5551 | D:6      | HP: 1/46 [something (4)]
  5552 | D:6      | Mangled by an unseen horror

Illustrated notes

Levels and vault maps discovered:
D:1:      enne_arrival_octagon_isle, layout_basic, amethyst_killhole,
          grunt_decor_clamped, minmay_misc_feat_four_crosses,
          serial_bayou_pond_d, minmay_tall_x
D:2:      layout_rooms, minivault_11, uniq_sigmund
D:3:      layout_loops_corners, grunt_decor_fettered,
          makhleb_blood_cavern_becter
D:4:      layout_loops_ring
D:5:      layout_loops_ring, gammafunk_temple_overflow_elements
D:6:      layout_cave_pools, minmay_temple_entry_drinking_statues,
          nrook_loot_triangle, nicolae_gozag_seed_capital

Skill      XL: |  1  2  3  4  5  6  7 |
---------------+----------------------+-----
Ice Magic      | 5 6 7 8 |  8.3
Spellcasting   | 4 5 |  5.0
Summonings     | 2 3 |  3.7
Dodging        | |  2.1
Stealth        | |  1.7

Action                   |  1- 3 |  4- 6 |  7- 9 || total
-------------------------+-------+-------+-------++-------
Melee: Unarmed           |     2 |       |       ||     2
       Dagger            |       |    19 |    10 ||    29
       Mace              |       |    10 |       ||    10
 Cast: Freeze            |    27 |    32 |       ||    59
       Frozen Ramparts   |     3 |     5 |     5 ||    13
       Summon Ice Beast  |       |     1 |       ||     1
 Abil: Hop               |     1 |     1 |       ||     2
  Use: Potion            |     1 |       |     2 ||     3
       Scroll            |       |     4 |       ||     4
 Stab: Sleeping          |       |     1 |     1 ||     2
Armor: Robe              |     4 |    20 |    13 ||    37
Dodge: Dodged            |    24 |    41 |     6 ||    71
